 Dungeon Sprint DCSS version 0.30-a0-738-g116ff8c4af (webtiles) character file.

Game seed: 15865230940360799122

28 Darkkill the Charlatan (level 3, -1/33 HPs)
             Began as a Gargoyle Artificer on Feb 3, 2023.
             Was an Initiate of Gozag.
             Slain by a fire bat (5 damage)
             ... in the Dungeon (Sprint VII: "The Pits").
             The game lasted 00:02:17 (273 turns).

Darkkill the Charlatan (Gargoyle Artificer)          Turns: 273, Time: 00:02:17

Health: -1/33      AC: 13    Str: 15    XL:     3   Next: 12%
Magic:  3/3        EV: 10    Int: 11    God:    Gozag
Gold:   396        SH:  0    Dex: 12    Spells: 2/2 levels left

rFire   . . .      SeeInvis .    l - +2 quarterstaff
rCold   . . .      Faith    .    (shield currently unavailable)
rNeg    + . .      Spirit   .    p - +3 scale mail
rPois   ∞          Reflect  .    (no helmet)
rElec   +          Harm     .    (no cloak)
rCorr   .          Rampage  .    (no gloves)
Will    .....      NoTele   +    (no boots) Stlth
                                 (no amulet)
HPRegen 0.25/turn                (no ring)
MPRegen 0.08/turn                (no ring)

@: berserking (expiring), very quick
A: sickness immunity, AC +3, negative energy resistance 1, electricity
resistance, torment resistance 1, petrification resistance
a: Renounce Religion, Potion Petition, Call Merchant, Bribe Branch


You were in the Dungeon.
You worshipped Gozag.
Gozag was aware of your devotion.
You visited 1 branch You collected 396 gold pieces.

Inventory:

Hand Weapons
 l - a +2 quarterstaff (weapon)
Missiles
 m - 13 stones
Armour
 p - a +3 scale mail (worn)
Wands
 c - a wand of flame (12) (quivered)
 d - a wand of charming (15)
 e - a wand of iceblast (5)
Scrolls
 k - a scroll of blinking
 n - 5 scrolls of amnesia
 o - a scroll of butterflies
Potions
 a - 2 potions of invisibility
 f - 6 potions of curing {@q1}
 g - 5 potions of heal wounds
 h - a potion of haste
 i - 4 potions of magic
 j - 2 potions of berserk rage


   Skills:
 + Level 2.9 Fighting
 + Level 3.6 Armour
 + Level 2.1 Dodging
 + Level 3.1 Stealth
 + Level 3.6 Evocations


You had 2 spell levels left.
You didn't know any spells.
Your spell library was empty.

Dungeon Overview and Level Annotations

Branches:
Dungeon (1/1)

Altars:
Ashenzari
Cheibriados
Dithmenos
Elyvilon
Fedhas
Gozag
Hepliaklqana
Kikubaaqudgha
Makhleb
Nemelex Xobeh
Okawaru
Qazlal
Ru
Sif Muna
Trog
Uskayaw
Vehumet
Wu Jian
Xom
Yredelemnul
Zin
The Shining One
Jiyva
Lugonu


Innate Abilities, Weirdness & Mutations

You are immune to sickness and miasma.
Your stone body is resilient. (AC +3)
You are immune to poison.
You resist negative energy. (rN+)
You are resistant to electric shocks. (rElec)
You are resistant to unholy torment.
You are immune to petrification.


Message History

The frilled lizard bites you but does no damage.
You hit the frilled lizard.
You kill the frilled lizard!
You have reached level 3!
Your experience leads to an increase in your attributes!
Increase (S)trength, (I)ntelligence, or (D)exterity?
You feel agile. x2
You now have 252 gold pieces (gained 63).
A bat skeleton, an orc and a goblin come into view.
The orc shouts!
The goblin shouts!
There is a large open door here.
There is an open door here.
The goblin hits you but does no damage.
You hit the goblin.
The goblin is moderately wounded.
The goblin hits you with a +0 dagger.
You hit the goblin.
You kill the goblin!
The orc hits you with a +0 short sword. The orc barely misses you.
Things that are here:
45 gold pieces; a +0 dagger You hit the orc.
The orc is severely wounded.
The orc hits you but does no damage. The orc misses you.
You thump the orc!
You kill the orc!
You now have 297 gold pieces (gained 45).
You see here a +0 short sword.
You now have 342 gold pieces (gained 45).
You see here a +0 dagger.
There is a large open door here.
There is a large open door here.
The bat skeleton misses you.
You thump the bat skeleton!
You destroy the bat skeleton!
You now have 396 gold pieces (gained 54).
You open the door.
Found ten items.
There is an open door here.
You see here a +3 scale mail.
You see here a +3 ring mail.
You see here a +3 scale mail.
p - a +3 scale mail You see here a +0 heavy hand axe.
You see here a +2 heavy trident.
You see here a +1 heavy mace.
You see here a +1 long sword of flaming.
You see here a +0 quarterstaff of speed.
g - 6 potions of heal wounds (gained 5)
f - 6 potions of curing {@q1} (gained 5)
You start removing your armour.
You continue taking off your +0 leather armour. x4
You finish taking off your +0 leather armour.
You start putting on your armour.
You continue putting on your +3 scale mail. x5
You finish putting on your +3 scale mail.
You drop a +0 leather armour.
You see here a +0 quarterstaff of speed.
You see here a +2 heavy trident.
You see here a +0 heavy hand axe.
There is an open door here.
There is a large open door here.
You see here a +0 dagger.
There is an open door here.
Things that are here:
a +0 club; a +0 whip
There is an open door here.
There is an open door here.
You open the door.
There is an open door here.
You open the door.
A fire bat and a ball python come into view.
There is an open door here.
The fire bat bites you.
You are engulfed in flames!
You feel much better. The fire bat bites you.
You are engulfed in flames!
The fire bat bites you but does no damage.
A red film seems to cover your vision as you go berserk!
You feel yourself moving faster!
You feel mighty!
The fire bat bites you but does no damage.
You feel a strong urge to attack something.
The fire bat bites you but does no damage.
You sock the fire bat!
The fire bat is moderately wounded.
The fire bat barely misses you. The fire bat closely misses you.
You hit the fire bat.
The fire bat is heavily wounded.
The fire bat closely misses you.
You closely miss the fire bat.
The fire bat is heavily wounded.
The fire bat closely misses you. The fire bat barely misses you.
You miss the fire bat.
The fire bat is heavily wounded.
The fire bat bites you.
You are engulfed in flames!
* * * LOW HITPOINT WARNING * * *
You closely miss the fire bat.
The fire bat is heavily wounded.
The fire bat bites you.
You die...
Your body crumbles into a pile of gold.

#.......)..)'.....
#'#####'#####.....
#.#..#...'.##.....
#.#..#...#.#####'#
#.#..#####.##.....
#.#..'.).#)##.....
#.#..'.).'.##.....
#.#..########...<.
#@#..'.))).##.....
#b#..#[)))[##.....
#S###########.....
#...b...# ######
#.###...# #.# .#
#.# #.. #..


You could see a fire bat and a ball python.

Vanquished Creatures
  2 gnolls (D)
  2 orcs (D)
  A bat skeleton (D)
  A kobold (D)
  A frilled lizard (D)
  2 goblins (D)
9 creatures vanquished.

Notes
Turn   | Place    | Note
-------+----------+-------------------------------------------
     0 | D        | Darkkill the Gargoyle Artificer began the quest for the
                  | Orb.
     0 | D        | Reached XP level 1. HP: 12/12 MP: 1/1
    21 | D        | Reached skill level 1 in Dodging
    21 | D        | Reached XP level 2. HP: 13/17 MP: 2/2
    51 | D        | Found a bloodstained altar of Trog.
    51 | D        | Found a shimmering blue altar of Sif Muna.
    51 | D        | Found a viscous altar of Jiyva.
    51 | D        | Found a hazy altar of Hepliaklqana.
    51 | D        | Found an opulent altar of Gozag.
    52 | D        | Found a glowing golden altar of the Shining One.
    52 | D        | Found a glowing silver altar of Zin.
    52 | D        | Found a basalt altar of Yredelemnul.
    52 | D        | Found a shimmering altar of Xom.
    52 | D        | Found an ornate altar of the Wu Jian Council.
    52 | D        | Found a sacrificial altar of Ru.
    52 | D        | Found a stormy altar of Qazlal.
    52 | D        | Found an iron altar of Okawaru.
    52 | D        | Found a sparkling altar of Nemelex Xobeh.
    52 | D        | Found a burning altar of Makhleb.
    52 | D        | Found a blossoming altar of Fedhas.
    52 | D        | Found a white marble altar of Elyvilon.
    52 | D        | Found a shadowy altar of Dithmenos.
    52 | D        | Found a snail-covered altar of Cheibriados.
    55 | D        | Found a corrupted altar of Lugonu.
    55 | D        | Found a radiant altar of Vehumet.
    57 | D        | Found a broken altar of Ashenzari.
    57 | D        | Found an ancient bone altar of Kikubaaqudgha.
    57 | D        | Found a hide-covered altar of Uskayaw.
    59 | D        | Became a worshipper of Gozag Ym Sagoz the Greedy
   171 | D        | Reached XP level 3. HP: 22/22 MP: 3/3
   262 | D        | Noticed a fire bat
   272 | D        | HP: 4/33 [fire bat (9)]
   273 | D        | Slain by a fire bat

Illustrated notes

Levels and vault maps discovered:
D:        pitsprint [storerooms_1, entrance_room_1, metal_vault_7, armoury_1,
          mini_pit_1, grid_room_1, main_hall_1, silver_pit, the_coven_1,
          the_vestibule_1, steel_vault_2, golden_pit, hallway_of_sentries,
          crystal_vault_4, iron_vault_2, final_vault]

Skill      XL: |  1  2 |
---------------+-------+-----
Fighting       | 2 |  2.9
Armour         | 3 |  3.6
Dodging        | 1 2 |  2.1
Stealth        | 2 3 |  3.1
Evocations     | 3 |  3.6

Action                     || total
---------------------------++-------
  Melee: Club              ||     3
         Quarterstaff      ||    29
  Evoke: Wand              ||     3
    Use: Potion            ||     2
 Armour: Leather armour    ||    10
         Scale mail        ||     3
  Dodge: Dodged            ||    19

Table legend: (Time is in decaauts)
 A = Elapsed time spent in this place.
 B = Non-inter-level travel time spent in this place.
 C = Inter-level travel time spent in this place.
 D = Time resting spent in this place.
 E = Time spent auto-exploring this place.
 F = Levels seen in this place.
 G = Mean time per level.
                   A        B        C        D        E       F      G
               +--------+--------+--------+--------+--------+-----+--------+
         Total |    280 |    256 |     24 |     30 |      0 |   1 |  280.0 |
       Dungeon |    280 |    256 |     24 |     30 |      0 |   1 |  280.0 |
               +--------+--------+--------+--------+--------+-----+--------+

Top non-repeatable levels by time:
       D: 280 daAuts

Table legend:
 A = Kills in this place as a percentage of kills in entire the game.
 B = Kills by you in this place as a percentage of kills by you in the entire game.
 C = Kills by friends in this place as a percentage of kills by friends in the entire game.
 D = Other kills in this place as a percentage of other kills in the entire game.
 E = Experience gained in this place as a percentage of experience gained in the entire game.
 F = Experience gained in this place divided by the number of levels of this place that you have seen.
                   A       B       C       D       E      F
               +-------+-------+-------+-------+-------+----------------------
         Total | 100.0 | 100.0 |   N/A |   N/A | 100.0 |  40.0
       Dungeon | 100.0 | 100.0 |   N/A |   N/A | 100.0 |  40.0
               +-------+-------+-------+-------+-------+----------------------
